 Dungeon Crawl Stone Soup version 0.18.1-47-g9310371 (webtiles) character file.

40457 BoredOne the Devastator (level 13, -2/94 HPs)
             Began as a White Draconian Conjurer on June 22, 2016.
             Was a High Priest of Vehumet.
             Slain by an orc knight
             ... wielding a +0 battleaxe
              (14 damage)
             ... on level 1 of the Orcish Mines.
             The game lasted 04:00:07 (30100 turns).

BoredOne the Devastator (White Draconian Conjurer) Turns: 30100, Time: 04:00:07

Health: -2/94      AC: 18    Str: 11    XL:     13   Next: 74%
Magic:  4/30       EV: 14    Int: 19    God:    Vehumet [*****.]
Gold:   1087       SH:  6    Dex: 11    Spells: 11 memorised, 5 levels left

rFire  . . .     SeeInvis .     w - +1 whip (venom)
rCold  + . .     Gourm    .     (armour unavailable)
rNeg   + . .     Faith    .     A - +1 buckler {rN+}
rPois  .         Spirit   .     m - +2 hat
rElec  .         Dismiss  .     L - +0 cloak
rCorr  .         Reflect  .     s - +0 pair of gloves
SustAt .         Harm     .     q - +0 pair of boots
MR     .....                    (no amulet)
Stlth  ++........               D - +2 ring of evasion
                                l - +5 ring of protection

@: short of breath, not resistant to hostile enchantments, unstealthy
A: breathe frost, unfitting armour, blurry vision 1, cold resistance 1, dopey 1,
robust 1, cold-blooded, AC +8
a: Breathe Frost, Renounce Religion


You were on level 1 of the Orcish Mines.
You worshipped Vehumet.
Vehumet was extremely pleased with you.
You were not hungry.

You visited 4 branches of the dungeon, and saw 22 of its levels.
You also visited: Labyrinth.

You collected 1644 gold pieces.
You spent 557 gold pieces at shops.

Inventory:

Hand Weapons
 t - a +4 scimitar of flaming
 w - a +1 whip of venom (weapon)
 y - a +1 demon trident of pain
 z - a +3 long sword of holy wrath
 I - a +6 blowgun
 N - the +9 Staff of Wucad Mu {channel}
   (You acquired it on level 5 of the Lair of Beasts)
Missiles
 a - 2 curare-tipped needles
 g - 15 tomahawks of returning
 r - 41 poisoned needles
 x - 5 throwing nets
 F - 23 tomahawks (quivered)
 Q - 3 silver tomahawks
Armour
 m - a +2 hat (worn)
 q - a +0 pair of boots (worn)
 s - a +0 pair of gloves (worn)
 A - a +1 buckler of positive energy (worn)
 L - a +0 cloak (worn)
Jewellery
 l - a +5 ring of protection (left hand)
 p - an uncursed ring of sustain attributes
 D - a +2 ring of evasion (right hand)
 U - an uncursed ring of fire
Wands
 h - a wand of lightning (7/15)
 R - a wand of confusion (23/48)
 S - a wand of lightning (5/15)
Scrolls
 b - a scroll of amnesia
 d - 2 scrolls of fear
 e - a scroll of recharging
 i - a scroll of enchant weapon
 j - 4 scrolls of remove curse
 n - 2 scrolls of silence
 O - a scroll of teleportation
Potions
 o - a potion of agility
 u - 2 potions of resistance
 B - 2 potions of ambrosia
 C - a potion of might
 E - 2 potions of beneficial mutation {unknown}
 J - 4 potions of lignification
 K - a potion of curing
Books
 v - a Grand Grimoire

   Spells                             Type                      Level
   a - Monstrous Menagerie            Summoning                    7
   b - Summon Greater Demon           Summoning                    7
   c - Malign Gateway                 Summoning/Translocation      7
   d - Summon Horrible Things         Summoning                    8
Miscellaneous
 f - a fan of gales (inert)
 P - a sack of spiders {used: 3}
Comestibles
 c - a chunk of flesh
 k - 4 bread rations
 G - 15 fruits


   Skills:
 - Level 1.7 Dodging
 - Level 1.7 Stealth
 - Level 5.0 Shields
 + Level 13.5 Spellcasting
 + Level 16.7 Conjurations
 - Level 6.5 Ice Magic
 - Level 1.0 Evocations


You had 5 spell levels left.
You knew the following spells:

 Your Spells              Type           Power        Failure   Level  Hunger
a - Magic Dart            Conj           ####         0%          1    None
b - Searing Ray           Conj           ######       0%          2    None
c - Iskenderun's Mystic   Conj           ######..     1%          4    None
d - Fulminant Prism       Conj/Hex       #####.....   1%          4    None
e - Iskenderun's Battles  Conj/Chrm      #####...     1%          5    ####...
f - Ensorcelled Hibernat  Hex/Ice        ####..       1%          2    None
g - Freeze                Ice            ####         1%          1    None
h - Sticky Flame          Conj/Fire      #####...     1%          4    None
i - Mephitic Cloud        Conj/Pois/Air  ####....     1%          3    None
j - Iron Shot             Conj/Erth      #####.....   8%          6    #####..
k - Repel Missiles        Chrm/Air       ##....       10%         2    None


Dungeon Overview and Level Annotations

Branches:
Dungeon (12/15)            Temple (1/1) D:5            Lair (7/8) D:9
  Swamp (0/4) Lair:6        Snake (0/4) Lair:3        Slime (0/6) Lair:6
    Orc (2/2) D:12            Elf (0/3) Orc:2

Altars:
Ashenzari
Cheibriados
Dithmenos
Elyvilon
Fedhas
Gozag
Kikubaaqudgha
Makhleb
Nemelex Xobeh
Okawaru
Pakellas
Qazlal
Ru
Sif Muna
Vehumet
Xom
Yredelemnul
Zin
The Shining One
Jiyva

Shops:
D:5 [   D:7 (   D:10 *   Orc:1 (

Annotations:
D:4 Xecutor's ghost, amateur GrFi
Lair:7 jesusflecha's ghost, journeyman DsFi


Innate Abilities, Weirdness & Mutations

You can breathe waves of freezing cold.
You can buffet flying creatures when you breathe cold.
Your icy white scales are hard (AC +8).
Your body does not fit into most forms of armour.
Your flesh is cold resistant.
You are cold-blooded and may be slowed by cold attacks.
Scrolls take you a little longer to read.
You are dopey. (Int -2)
You are robust (+10% HP).


Message History

Your air elemental hits the orc warrior but does no damage.
The orc warrior closely misses you.
The orc warrior hits your air elemental with a mace!
The orc warrior hits you from afar with a trident!
* * * LOW HITPOINT WARNING * * *
Your air elemental hits the orc warrior but does no damage.
The orc priest calls down the wrath of Beogh upon you.
Beogh smites you!
* * * LOW HITPOINT WARNING * * *
You climb upwards.
An orc and an orc wizard come into view.
You block the orc's attack.
An orc priest comes into view. It is wielding a dagger.
There is a stone staircase leading down here.
Unknown command.
Read which item? (? for menu, Esc to quit)
Really read with blurry vision while enemies are nearby?
The orc warrior completely misses you.
The orc knight hits you with a battleaxe!
You die...

#.#### ##...#####.####
.....###..o###.#...#.#
.#....#..#..#....#..##
.##...).##......###..###
####...####....## ##...#
.#...)..###..#..###...##
.#...##..#..###..#...##
....###.^...# #..o...#
#...# #...#.####@...##
....# ##.#####.ooo.###
.#..###### #....#...###
.#....### #...###..o.##
####†...# #...####....#
.##...### ##..##...#.##
.#....# #......####
...#### ##....#.# #..#
#....###


You could see an orc knight, an orc warrior, 2 orc priests, an orc wizard
(wandering) and an orc.

Vanquished Creatures
  Maud (D:11)
  A minotaur (Lab)
  Josephine (D:10)
  3 hydras
  Harold (Lair:3)
  4 death yaks (Lair:5)
  A fire crab (Lair:3)
  An unseen horror (D:11)
  2 hill giants
  Pikel (D:5)
  A griffon (Lair:5)
  An orc sorcerer (Orc:1)
  A black mamba (Lair:6)
  A centaur zombie (D:12)
  6 elephants (Lair:6)
  2 orange demons (D:10)
  11 spiny frogs
  A rime drake (Lair:6)
  2 efreet
  3 komodo dragons
  3 red devils (D:10)
  4 trolls
  A giant leech (Lair:6)
  A polar bear (Lair:5)
  A two-headed ogre (Orc:1)
  3 blink frogs (Lair:5)
  5 wraiths (D:10)
  A wyvern (D:12)
  A water elemental (D:12)
  25 yaks
  3 hippogriffs
  A fire elemental (Lair:2)
  A basilisk (Lair:2)
  2 wargs (Orc:1)
  A naga (Lair:3)
  12 porcupines
  8 water moccasins
  13 orc warriors
  A black bear (D:8)
  2 sky beasts
  4 phantoms
  2 wasps
  18 wolves
  3 ogres
  5 centaurs
  5 crocodiles
  22 giant frogs
  A water moccasin zombie (D:12)
  A gnoll sergeant (Orc:1)
  3 scorpions
  13 wights
  4 killer bees (D:9)
  A howler monkey (D:6)
  10 electric eels
  5 jellies
  A giant frog zombie (D:12)
  A quasit (D:12)
  8 hounds
  13 orc priests
  Crazy Yiuf (D:7)
  A centaur skeleton (D:5)
  2 gnoll shamans (D:7)
  15 orc wizards
  Jessica (D:3)
  4 giant frog skeletons
  9 iguanas
  6 worker ants
  A hound skeleton (D:7)
  A hound zombie (D:9)
  A worker ant zombie (D:11)
  13 gnolls
  16 adders
  A howler monkey skeleton (D:8)
  49 river rats
  3 shadow imps
  5 oozes (D:9)
  An adder zombie (D:5)
  2 worms (D:2)
  6 dart slugs
  5 giant geckos
  51 orcs
  A ball python (D:4)
  10 giant cockroaches
  5 goblins
  10 hobgoblins
  13 jackals
  4 quokkas
  13 bats
  A giant gecko skeleton (D:5)
  13 giant newts
  A jackal skeleton (D:5)
  4 kobolds
  8 rats (D:1)
  A spectral orc (D:2)
532 creatures vanquished.

Vanquished Creatures (collateral kills)
  The ghost of krepi the Cleaver, a novice MiFi of the Shining One (D:9)
  An orange demon (D:10)
  A spiny frog (Lair:6)
  A komodo dragon (Lair:4)
4 creatures vanquished.

Vanquished Creatures (others)
  A sky beast (D:5)
  A hound (D:5)
  2 giant frog skeletons
  A giant gecko (D:5)
  A giant newt (D:5)
  52 fulminant prisms
  3 fungi
  10 plants
  7 toadstools (D:1)
78 creatures vanquished.

Grand Total: 614 creatures vanquished

Notes
Turn   | Place    | Note
--------------------------------------------------------------
     0 | D:1      | BoredOne the Draconian Conjurer began the quest for the Orb.
     0 | D:1      | Reached XP level 1. HP: 14/14 MP: 3/3
   308 | D:1      | Reached XP level 2. HP: 20/20 MP: 1/5
   525 | D:1      | Learned a level 2 spell: Searing Ray
  1123 | D:1      | Reached XP level 3. HP: 25/26 MP: 6/6
  1632 | D:1      | Reached skill level 5 in Conjurations
  2320 | D:2      | Found a basalt altar of Yredelemnul.
  2321 | D:2      | Reached XP level 4. HP: 33/33 MP: 4/7
  2327 | D:2      | Learned a level 4 spell: Iskenderun's Mystic Blast
  2953 | D:3      | Found an ancient bone altar of Kikubaaqudgha.
  2954 | D:3      | Found a shadowy altar of Dithmenos.
  3471 | D:3      | Found a glowing silver altar of Zin.
  3632 | D:3      | Found a shadowy altar of Dithmenos.
  3702 | D:3      | Noticed Jessica
  3767 | D:3      | Killed Jessica
  3767 | D:3      | Reached skill level 6 in Conjurations
  3799 | D:3      | Found a deep blue altar of Sif Muna.
  3870 | D:3      | Reached XP level 5. HP: 38/38 MP: 5/8
  4146 | D:4      | Found a snail-covered altar of Cheibriados.
  4244 | D:4      | Noticed an ogre
  4252 | D:4      | Killed an ogre
  4466 | D:4      | Reached XP level 6. HP: 35/45 MP: 0/11
  4769 | D:4      | Learned a level 4 spell: Fulminant Prism
  5165 | D:4      | Noticed Xecutor's ghost (amateur GrFi)
  5612 | D:5      | Entered Level 5 of the Dungeon
  5733 | D:5      | Reached skill level 7 in Conjurations
  5733 | D:5      | Your scales start taking on an icy white colour.
  5733 | D:5      | Reached XP level 7. HP: 50/50 MP: 7/14
  5733 | D:5      | Gained mutation: Your flesh is cold resistant. [White Draconian growth]
  5964 | D:5      | Noticed Pikel
  5974 | D:5      | Killed Pikel
  5974 | D:5      | Reached skill level 5 in Spellcasting
  5974 | D:5      | Reached skill level 8 in Conjurations
  6127 | D:5      | Reached XP level 8. HP: 28/57 MP: 1/17
  6244 | D:5      | Learned a level 5 spell: Iskenderun's Battlesphere
  6409 | D:5      | Found Datwaph's Armour Boutique.
  6413 | D:5      | Bought a +1 buckler of positive energy for 148 gold pieces
  6612 | D:5      | Found a staircase to the Ecumenical Temple.
  6619 | Temple   | Entered the Ecumenical Temple
  6636 | Temple   | Became a worshipper of Vehumet
  7291 | D:6      | Reached skill level 1 in Shields
  7758 | D:6      | Reached skill level 5 in Shields
  8075 | D:6      | Reached * piety under Vehumet
  8075 | D:6      | Offered knowledge of Flame Tongue by Vehumet.
  8356 | D:7      | Reached XP level 9. HP: 55/62 MP: 3/19
  8524 | D:7      | Found Qaciewasudi's Antique Weapon Shop.
  8532 | D:7      | Bought a glowing blowgun for 80 gold pieces
  8634 | D:7      | Learned a level 2 spell: Ensorcelled Hibernation
  8635 | D:7      | Found a shattered altar of Ashenzari.
  9006 | D:7      | Noticed Crazy Yiuf
  9013 | D:7      | Killed Crazy Yiuf
  9600 | D:7      | Reached skill level 9 in Conjurations
 10322 | D:8      | Reached skill level 1 in Ice Magic
 10589 | D:8      | Offered knowledge of Freeze by Vehumet.
 10592 | D:8      | Learned a level 1 spell: Freeze
 10711 | D:8      | Found a glowing golden altar of the Shining One.
 10711 | D:8      | Found an opulent altar of Gozag.
 10816 | D:8      | Found a sacrificial altar of Ru.
 10854 | D:8      | Reached ** piety under Vehumet
 11165 | D:9      | Noticed krepi's ghost (novice MiFi)
 11502 | D:9      | Reached skill level 10 in Conjurations
 11863 | D:9      | Found a shimmering altar of Xom.
 12084 | D:9      | Reached XP level 10. HP: 68/69 MP: 13/22
 12309 | D:9      | Found a stormy altar of Qazlal.
 12382 | D:9      | Offered knowledge of Throw Flame by Vehumet.
 12518 | D:9      | Reached skill level 5 in Ice Magic
 13065 | D:9      | Killed krepi's ghost
 13065 | D:9      | Reached *** piety under Vehumet
 13065 | D:9      | Reached skill level 11 in Conjurations
 13289 | D:9      | Found a staircase to the Lair.
 13298 | Lair:1   | Entered Level 1 of the Lair of Beasts
 13391 | Lair:1   | Noticed a spiny frog
 13396 | Lair:1   | Killed a spiny frog
 13854 | Lair:1   | Noticed a spiny frog
 13859 | Lair:1   | Killed a spiny frog
 14074 | Lair:1   | Reached skill level 12 in Conjurations
 14544 | Lair:1   | Noticed a spiny frog
 14552 | Lair:1   | Killed a spiny frog
 15051 | Lair:1   | Reached XP level 11. HP: 74/74 MP: 17/23
 15246 | Lair:1   | Offered knowledge of Sticky Flame by Vehumet.
 15257 | Lair:1   | Learned a level 4 spell: Sticky Flame
 16258 | Lair:2   | Reached skill level 13 in Conjurations
 17529 | Lair:3   | Noticed Harold
 17539 | Lair:3   | Killed Harold
 17707 | Lair:3   | Found a staircase to the Snake Pit.
 17806 | Lair:3   | Reached **** piety under Vehumet
 18091 | Lair:3   | Offered knowledge of Mephitic Cloud by Vehumet.
 18096 | Lair:3   | Learned a level 3 spell: Mephitic Cloud
 18199 | Lair:3   | Noticed an eight-headed hydra
 18209 | Lair:3   | Killed an eight-headed hydra
 18209 | Lair:3   | Reached skill level 14 in Conjurations
 18211 | Lair:3   | Noticed a fire crab
 18218 | Lair:3   | Killed a fire crab
 18218 | Lair:3   | Reached skill level 10 in Spellcasting
 18870 | Lair:4   | Noticed a four-headed hydra
 18880 | Lair:4   | Killed a four-headed hydra
 19114 | Lair:4   | Reached XP level 12. HP: 81/81 MP: 26/26
 19546 | Lair:5   | Noticed a six-headed hydra
 19549 | Lair:5   | Killed a six-headed hydra
 19994 | Lair:5   | Reached skill level 15 in Conjurations
 20438 | Lair:5   | Identified a scroll of acquirement
 20620 | Lair:5   | Noticed a death yak
 20621 | Lair:5   | Noticed a death yak
 20624 | Lair:5   | Noticed a death yak
 20626 | Lair:5   | Noticed a death yak
 20626 | Lair:5   | Noticed a death yak
 20643 | Lair:5   | Killed a death yak
 20643 | Lair:5   | Reached skill level 1 in Evocations
 20903 | Lair:5   | Killed a death yak
 21420 | Lair:6   | Found a labyrinth entrance.
 21438 | Lab      | Entered a labyrinth
 21523 | Lab      | Learned a level 5 spell: Lightning Bolt
 21723 | Lab      | Noticed a minotaur
 21748 | Lab      | Gained mutation: You are dopey. (Int -2) [potion of mutation]
 21748 | Lab      | Gained mutation: Scrolls take you a little longer to read. [potion of mutation]
 21748 | Lab      | Gained mutation: You are robust (+10% HP). [potion of mutation]
 21764 | Lab      | Killed a minotaur
 21764 | Lab      | Reached ***** piety under Vehumet
 21768 | Lab      | Got a warped brass ring
 21804 | Lab      | Identified the ring of Lagoij {+Inv Str+4 Slay+3 Stlth-} (You took it off a minotaur in a labyrinth)
 21816 | Lab      | Identified Sif Muna's Guide on Protection
 21820 | Lab      | Learned a level 2 spell: Repel Missiles
 22018 | Lair:6   | Offered knowledge of Iron Shot by Vehumet.
 22566 | Lair:5   | Killed a death yak
 22567 | Lair:5   | Killed a death yak
 23382 | Lair:6   | Reached XP level 13. HP: 94/94 MP: 7/29
 23508 | Lair:6   | Found a staircase to the Slime Pits.
 23509 | Lair:6   | Found a viscous altar of Jiyva.
 23994 | Lair:6   | Found a staircase to the Swamp.
 24734 | Lair:7   | Noticed jesusflecha's ghost (journeyman DsFi)
 25026 | Lair:2   | Learned a level 6 spell: Iron Shot
 25182 | D:10     | Entered Level 10 of the Dungeon
 25197 | D:10     | Found Ariulum's General Store.
 25204 | D:10     | Bought a scroll of amnesia for 49 gold pieces
 25204 | D:10     | Bought 15 poisoned needles for 84 gold pieces
 25204 | D:10     | Bought 3 fruits for 63 gold pieces
 25204 | D:10     | Bought a potion of ambrosia for 112 gold pieces
 25204 | D:10     | Bought a slice of pizza for 21 gold pieces
 25898 | D:10     | Noticed Josephine
 26144 | D:10     | Killed Josephine
 26152 | D:10     | Reached skill level 16 in Conjurations
 26957 | D:11     | Noticed Maud
 26985 | D:11     | Killed Maud
 27648 | D:11     | Offered knowledge of Bolt of Magma by Vehumet.
 28712 | D:12     | Found a staircase to the Orcish Mines.
 28780 | Orc:1    | Entered Level 1 of the Orcish Mines
 28807 | Orc:1    | Found Hicerio's Weapon Boutique.
 29044 | Orc:2    | Entered Level 2 of the Orcish Mines
 29044 | Orc:2    | Found a staircase to the Elven Halls.
 30100 | Orc:1    | Slain by an orc knight

Skill      XL: |  1  2  3  4  5  6  7  8  9 10 11 12 13 |
---------------+----------------------------------------+-----
Conjurations   | 5 6 7 8 10 12 14 15 16 | 16.7
Spellcasting   | 3 4 6 8 10 12 13 | 13.5
Shields        | 5 |  5.0
Ice Magic      | 4 6 |  6.5
Evocations     | 1 |  1.0
Dodging        | |  1.7
Stealth        | |  1.7

Action                   |  1- 3 |  4- 6 |  7- 9 | 10-12 | 13-15 || total
-------------------------+-------+-------+-------+-------+-------++-------
Melee: Dagger            |    62 |    99 |       |       |       ||   161
       Unarmed           |    17 |       |       |       |       ||    17
       Tailslap          |     8 |     9 |    13 |    13 |    10 ||    53
       Whip              |       |       |   144 |    99 |    36 ||   279
       Long sword        |       |       |       |    40 |     1 ||    41
       Staff             |       |       |       |     3 |       ||     3
       Demon trident     |       |       |       |       |    65 ||    65
 Fire: Blowgun           |       |       |     6 |     7 |    20 ||    33
 Cast: Magic Dart        |    65 |    79 |    72 |   143 |    41 ||   400
       Searing Ray       |     4 |    23 |    50 |    20 |     6 ||   103
       Iskenderun's Myst |       |     2 |    33 |   176 |   155 ||   366
       Freeze            |       |       |     4 |     2 |       ||     6
       Ensorcelled Hiber |       |       |     1 |       |       ||     1
       Iskenderun's Batt |       |       |       |    45 |    21 ||    66
       Fulminant Prism   |       |       |       |    42 |    10 ||    52
       Sticky Flame      |       |       |       |     4 |       ||     4
       Mephitic Cloud    |       |       |       |     2 |    32 ||    34
       Lightning Bolt    |       |       |       |     1 |       ||     1
       Iron Shot         |       |       |       |       |     3 ||     3
 Abil: Breathe Frost     |       |       |    17 |    11 |    11 ||    39
Evoke: Wand              |       |       |     1 |     9 |     9 ||    19
       Fan of gales      |       |       |       |     2 |     1 ||     3
       Sack of spiders   |       |       |       |     2 |     2 ||     4
  Use: Scroll            |     4 |     4 |    12 |    16 |    10 ||    46
       Potion            |       |     1 |       |     4 |     2 ||     7
 Stab: Confused          |       |       |       |       |     3 ||     3
  Eat: Chunk             |     5 |     9 |    21 |    30 |    11 ||    76
       Bread ration      |       |     1 |       |     1 |     1 ||     3
       Fruit             |       |       |     4 |     4 |       ||     8
       Beef jerky        |       |       |     1 |       |     1 ||     2
       Meat ration       |       |       |       |     3 |     2 ||     5
       Royal jelly       |       |       |       |     2 |       ||     2
       Pizza             |       |       |       |     1 |     2 ||     3
Armor: Skin              |    21 |    56 |    98 |    89 |    83 ||   347
Dodge: Dodged            |    64 |   103 |   186 |   189 |    84 ||   626
Block: Buckler           |       |       |    79 |    93 |    46 ||   218
